Map: Catalyst LE

Players

Dessa - Winner!

  • Race: Zerg Zerg
  • League: Diamond
  • Spawn Location: 11:00

BoBrasowskii

  • Race: Zerg Zerg
  • League: Diamond
  • Spawn Location: 5:00

VOD

Have the link to the VOD?

Description

Time

  • Played on: Jan. 1, 2018, 2:35 p.m.
  • Length: 9:14
Show
View Real Time Build Order
Export as new Build Order

Dessa Zerg - Winner!

Build Orders: Pool First 

Get SALT Encoding   

  12  0:01  Drone  
  13  0:13  Overlord  
  13  0:19  Drone  
  14  0:31  Drone x2  
  17  0:35  Drone  
  17  0:38  Extractor  
  16  0:45  Drone  
  17  0:53  Spawning Pool  
  16  0:58  Drone  
  17  1:20  Hatchery  
  17  1:24  Drone  
  17  1:28  Drone  
  18  1:40  Queen  
  18  1:46  Zergling x2  
  21  1:50  Metabolic Boost  
  21  1:58  Overlord  
  21  2:07  Drone  
  22  2:15  Queen  
  24  2:28  Drone x2  
  26  2:30  Overlord  
  25  2:37  Zergling x2  
  26  2:46  Drone x2  
  28  2:56  Drone  
  28  2:57  Drone  
  30  2:58  Baneling Nest, Zergling x2  
  30  2:59  Zergling x2  
  30  3:02  Zergling x2  
  32  3:06  Drone  
  33  3:15  Zergling x4  
  31  3:37  Zergling x6  
  34  3:44  Baneling x2  
  34  3:45  Zergling x6  
  34  3:46  Overlord  
  37  3:49  Drone  
  37  3:53  Extractor  
  37  3:57  Baneling x2  
  38  4:02  Drone  
  38  4:03  Drone  
  38  4:06  Drone x2  
  41  4:16  Overlord  
  41  4:20  Overlord  
  41  4:22  Drone x6  
  47  4:31  Drone  
  47  4:33  Drone  
  49  4:40  Hatchery  
  49  4:43  Drone  
  49  4:49  Zergling x2  
  49  4:50  Zergling x6  
  53  4:55  Zergling x4  
  53  4:57  Spine Crawler, Zergling x2  
  53  4:59  Baneling x3  
  55  5:01  Zergling x2  
  56  5:11  Zergling x6  
  59  5:19  Drone  
  59  5:20  Roach Warren  
  50  5:43  Zergling x4  
  50  5:50  Extractor  
  50  5:51  Drone x3  
  50  5:52  Drone, Extractor  
  50  5:54  Queen  
  50  5:56  Zergling x4  
  50  5:57  Zergling x2  
  57  5:59  Baneling x3  
  57  6:00  Baneling x2  
  57  6:11  Drone  
  57  6:12  Drone x2  
  57  6:14  Lair  
  60  6:20  Evolution Chamber x2  
  60  6:21  Drone x2  
  60  6:22  Drone  
  60  6:23  Drone x2  
  60  6:24  Roach  
  65  6:37  Overlord  
  65  6:39  Drone  
  68  6:40  Drone x2, Roach  
  68  6:41  Roach x2  
  74  7:06  Zerg Ground Armor Level 1, Zerg Missile Weapons Level 1  
  74  7:07  Overlord  
  74  7:08  Drone  
  74  7:09  Drone x3  
  74  7:11  Drone x3  
  74  7:14  Overlord, Glial Reconstitution  
  81  7:23  Overlord  
  81  7:24  Overlord  
  81  7:25  Pneumatized Carapace  
  81  7:33  Overlord  
  81  7:34  Overlord  
  81  7:35  Roach x3  
  81  7:36  Roach x2  
  91  7:49  Roach x8  
  91  7:50  Ravager, Roach x3  
  114  7:51  Ravager  
  114  7:52  Ravager x2  
  117  8:10  Roach  
  117  8:11  Roach x5  
  129  8:16  Overlord x3  
  129  8:29  Ravager  
  129  8:32  Overlord x2  
  129  8:44  Roach x7  
  129  8:47  Ravager x4  
  143  9:09  Extractor x2  
Show
View Real Time Build Order
Export as new Build Order

BoBrasowskii Zerg 

Build Orders: Hatch First 

Get SALT Encoding   

  12  0:01  Drone  
  13  0:10  Drone  
  14  0:19  Overlord  
  14  0:38  Drone x2  
  14  0:39  Drone  
  17  0:53  Hatchery  
  16  1:07  Spawning Pool  
  15  1:11  Extractor  
  15  1:12  Drone  
  15  1:15  Drone  
  16  1:20  Drone  
  16  1:24  Drone  
  18  1:33  Overlord  
  18  1:57  Queen  
  18  1:59  Zergling x4  
  22  2:05  Queen  
  22  2:07  Zergling x4  
  26  2:15  Metabolic Boost  
  26  2:17  Drone  
  26  2:21  Drone  
  28  2:27  Drone  
  29  2:31  Drone  
  30  2:44  Drone x2  
  32  2:54  Drone x2  
  34  2:59  Roach Warren  
  34  3:01  Drone x2  
  35  3:09  Overlord  
  35  3:14  Drone  
  35  3:15  Overlord  
  36  3:32  Spine Crawler  
  32  3:35  Spine Crawler, Zergling x8  
  32  3:36  Zergling x4  
  37  3:46  Drone  
  38  3:52  Drone  
  39  4:00  Zergling x2  
  39  4:01  Zergling x8  
  44  4:08  Overlord x2  
  44  4:23  Roach x2  
  50  4:31  Roach x3  
  50  4:32  Roach x3  
  60  4:46  Roach x2  
  64  4:55  Drone  
  64  4:56  Drone  
  66  5:05  Roach  
  66  5:06  Overlord x3  
  68  5:19  Hatchery  
  68  5:20  Drone  
  68  5:25  Extractor  
  68  5:26  Drone x3  
  68  5:27  Drone  
  59  5:40  Zergling x6, Roach x3  
  60  5:53  Lair  
  60  6:00  Drone x5, Extractor  
  64  6:18  Drone x3  
  67  6:26  Roach x6  
  79  6:39  Queen  
  79  6:41  Roach x3  
  87  6:53  Zergling x6, Roach x3  
  87  6:54  Roach  
  96  7:06  Glial Reconstitution  
  96  7:12  Evolution Chamber  
  96  7:14  Drone  
  96  7:15  Drone, Evolution Chamber  
  96  7:17  Drone x2  
  96  7:19  Overlord x2  
  96  7:20  Overlord  
  98  7:32  Hydralisk Den  
  98  7:36  Drone  
  98  7:37  Drone, Extractor, Overlord  
  98  7:38  Overlord x3  
  98  7:40  Drone x3  
  98  7:42  Drone  
  102  7:45  Drone  
  97  8:10  Roach, Hydralisk x4  
  97  8:11  Roach x3  
  113  8:17  Queen  
  115  8:31  Hydralisk  
  115  8:32  Roach x2  
Tags
 
Matchup
ZvZ
Race
Zerg
Replay Pack
2017S4
Spawn Locations
Cross Positions
Add a new tag
Caveats
  • Supply blocks, unpowered buildings, or Contaminate may cause inaccurate times.
  • Supply counts are checked every 10 seconds.